Map: 글리터링 애쉬즈 - 래더

Players

DPGherO (herO) - Winner!

  • Race: Protoss Protoss
  • League: Master

Zoun

  • Race: Protoss Protoss
  • League: Master

Event: DreamHack SC2 Masters Last Chance 2022

VOD

Have the link to the VOD?

Description

Time

  • Played on: Dec. 15, 2021, 4:21 a.m.
  • Length: 19:56

All games in this series

Show
View Real Time Build Order
Export as new Build Order

DPGherO Protoss - Winner!

Build Orders: Oracle Opening, Carriers 

Get SALT Encoding   

  12  0:00  Probe  
  13  0:12  Probe  
  14  0:16  Pylon  
  14  0:24  Probe (Chrono Boost)  
  16  0:36  Probe (Chrono Boost), Gateway  
  16  0:43  Probe (Chrono Boost)  
  16  0:46  Assimilator  
  17  0:50  Probe  
  18  1:02  Probe (Chrono Boost)  
  19  1:04  Assimilator  
  19  1:09  Gateway  
  20  1:13  Probe (Chrono Boost)  
  20  1:17  Probe (Chrono Boost)  
  20  1:23  Cybernetics Core  
  21  1:29  Probe  
  22  1:35  Pylon  
  22  1:43  Probe  
  23  1:55  Probe  
  23  1:59  Adept x2, Warp Gate  
  28  2:09  Pylon  
  28  2:26  Stargate  
  28  2:29  Adept x2  
  31  2:54  Nexus  
  31  2:57  Probe  
  32  3:07  Oracle (Chrono Boost)  
  32  3:11  Probe  
  36  3:20  Pylon  
  36  3:23  Probe  
  37  3:38  Probe, Oracle (Chrono Boost)  
  41  3:52  Probe  
  42  3:56  Twilight Council  
  42  4:07  Probe (Chrono Boost)  
  42  4:08  Probe (Chrono Boost)  
  44  4:16  Stalker x2  
  48  4:20  Probe x2 (Chrono Boost)  
  50  4:27  Probe x2 (Chrono Boost)  
  52  4:33  Blink (Chrono Boost)  
  52  4:34  Probe x2  
  54  4:46  Probe x2  
  54  4:49  Nexus  
  56  4:53  Pylon  
  56  4:58  Probe x2  
  58  5:04  Stalker x2  
  62  5:09  Pylon  
  62  5:11  Probe x2  
  64  5:15  Shield Battery  
  64  5:22  Forge  
  64  5:26  Probe x2  
  66  5:31  Gateway  
  66  5:33  Gateway  
  66  5:35  Sentry  
  66  5:40  Stalker  
  66  5:42  Probe x2  
  68  5:54  Probe x2  
  66  5:59  Stalker  
  64  6:06  Probe x2, Stalker  
  64  6:09  Probe  
  66  6:18  Probe x2  
  65  6:25  Stalker  
  62  6:29  Stalker x2  
  62  6:30  Gateway, Stalker  
  62  6:32  Gateway  
  66  6:38  Probe x3  
  66  6:50  Probe x3  
  67  6:56  Stalker x4  
  73  7:02  Probe x2  
  73  7:03  Probe  
  73  7:05  Gateway  
  74  7:08  Robotics Facility  
  74  7:12  Protoss Ground Weapons Level 1 (Chrono Boost)  
  74  7:14  Probe  
  75  7:16  Probe x2  
  75  7:17  Assimilator  
  75  7:19  Assimilator  
  75  7:20  Pylon  
  77  7:24  Adept x2  
  77  7:25  Zealot x2  
  77  7:27  Zealot  
  87  7:30  Pylon  
  87  7:33  Probe  
  87  7:35  Charge (Chrono Boost)  
  88  7:45  Zealot  
  88  7:46  Zealot  
  88  7:48  Pylon  
  88  7:50  Pylon, Probe x3  
  95  7:55  Assimilator x2  
  95  7:56  Observer (Chrono Boost)  
  95  7:58  Zealot x3  
  102  8:05  Probe x2  
  102  8:06  Probe  
  101  8:14  Gateway, Warp Prism (Chrono Boost)  
  101  8:15  Gateway  
  103  8:21  Probe  
  104  8:29  Templar Archives  
  104  8:31  Zealot x4, Sentry  
  104  8:33  Gateway  
  114  8:40  Immortal (Chrono Boost)  
  118  8:46  Pylon  
  118  8:48  Pylon  
  118  8:58  Nexus  
  118  9:05  Probe x3  
  118  9:06  High Templar x2  
  118  9:07  Zealot, High Templar  
  118  9:08  High Templar  
  129  9:11  Stalker  
  129  9:12  Stalker  
  128  9:21  Probe x2  
  128  9:22  Probe  
  128  9:23  Archon x2  
  131  9:26  Zealot x2  
  135  9:36  Photon Cannon, Protoss Ground Weapons Level 2 (Chrono Boost)  
  135  9:37  Shield Battery  
  135  9:39  Pylon, High Templar x2  
  135  9:41  Pylon  
  135  9:44  Zealot, Archon  
  141  9:55  Pylon  
  141  9:58  Observer  
  142  10:01  Stalker x4  
  150  10:11  Dark Shrine  
  148  10:22  Zealot x4  
  148  10:23  Zealot x2  
  148  10:25  Zealot x2  
  164  10:29  Warp Prism (Chrono Boost)  
  164  10:39  Stalker x2  
  150  10:43  Probe x2  
  150  10:44  Probe x2  
  146  10:55  Probe  
  146  10:56  Probe x3  
  150  10:57  Assimilator  
  150  10:59  High Templar x4  
  150  11:00  Assimilator  
  150  11:03  Archon x2  
  150  11:04  Zealot x5  
  168  11:18  Robotics Bay, Robotics Facility  
  168  11:19  Shadow Stride (Chrono Boost)  
  168  11:30  Photon Cannon  
  168  11:31  Pylon  
  166  11:43  Zealot  
  166  11:44  Zealot x6  
  180  11:50  Observer  
  178  11:54  Protoss Ground Weapons Level 3 (Chrono Boost)  
  178  12:04  Disruptor x2 (Chrono Boost)  
  184  12:14  Gravitic Boosters  
  184  12:15  Pylon  
  184  12:26  Nexus, Pylon  
  184  12:28  Stargate  
  184  12:31  Fleet Beacon  
  184  12:32  Disruptor  
  184  12:33  Disruptor  
  190  12:37  Pylon  
  190  12:38  Pylon  
  190  12:40  Stargate  
  190  12:41  Protoss Air Weapons Level 1  
  190  12:43  Zealot x3  
  196  12:45  Zealot x2  
  186  13:11  Gravitic Drive  
  164  13:32  Dark Templar x6  
  164  13:33  Dark Templar x4  
  179  13:53  Nexus  
  174  14:20  Carrier x3 (Chrono Boost)  
  192  14:29  Pylon  
  190  14:44  Zealot  
  191  14:55  Photon Cannon  
  191  14:56  Photon Cannon  
  191  14:57  Pylon  
  191  14:58  Photon Cannon  
  190  15:00  Photon Cannon  
  190  15:02  Shield Battery  
  190  15:03  Observer x2  
  190  15:04  Shield Battery  
  187  15:12  Nexus  
  185  15:20  Carrier x3 (Chrono Boost)  
  187  15:29  Photon Cannon, Observer  
  187  15:30  Disruptor x2  
  187  15:31  Shield Battery  
  193  15:37  Stargate x2  
  191  15:54  Observer  
  191  16:00  Disruptor  
  182  16:06  Disruptor  
  185  16:14  Assimilator  
  185  16:18  Assimilator  
  185  16:20  Carrier x2 (Chrono Boost)  
  185  16:23  Protoss Air Weapons Level 2 (Chrono Boost)  
  197  16:27  Carrier (Chrono Boost)  
  194  17:09  Zealot x3  
  183  17:27  Stalker x7  
  197  17:37  Stalker x3  
  140  17:57  Carrier x3 (Chrono Boost)  
  146  18:02  Zealot  
  148  18:10  Carrier (Chrono Boost)  
  154  18:25  Zealot x8  
  170  18:27  Nexus  
  170  18:28  Pylon  
  168  18:39  Disruptor  
  168  18:41  Disruptor  
  174  18:49  Carrier  
  158  19:07  Stalker x5  
  111  19:40  Stalker x6  
Show
View Real Time Build Order
Export as new Build Order

Zoun Protoss 

Build Orders: Phoenix Opening, Carriers 

Get SALT Encoding   

  12  0:00  Probe  
  13  0:12  Probe  
  14  0:16  Pylon  
  14  0:24  Probe (Chrono Boost)  
  16  0:36  Probe (Chrono Boost), Gateway  
  16  0:43  Probe (Chrono Boost)  
  16  0:45  Assimilator  
  17  0:51  Probe  
  18  0:59  Assimilator  
  18  1:03  Probe (Chrono Boost)  
  19  1:07  Gateway  
  19  1:13  Probe (Chrono Boost)  
  19  1:17  Probe (Chrono Boost)  
  20  1:23  Cybernetics Core  
  21  1:29  Probe  
  22  1:35  Pylon  
  22  1:41  Probe  
  23  1:54  Probe  
  23  1:59  Stalker  
  23  2:00  Sentry  
  28  2:01  Warp Gate  
  28  2:06  Probe  
  29  2:12  Pylon  
  29  2:22  Pylon  
  29  2:33  Stalker x2  
  33  2:49  Nexus  
  33  2:56  Shield Battery  
  33  3:07  Stargate  
  33  3:13  Stalker  
  33  3:18  Shield Battery  
  35  3:23  Shield Battery  
  35  3:29  Shield Battery  
  35  3:42  Pylon  
  35  3:47  Probe  
  36  3:51  Phoenix (Chrono Boost)  
  36  3:55  Shield Battery  
  38  4:10  Stalker x2  
  38  4:15  Probe  
  43  4:17  Pylon  
  43  4:30  Probe x2  
  45  4:35  Gateway  
  45  4:42  Probe (Chrono Boost)  
  45  4:45  Probe (Chrono Boost)  
  48  4:53  Probe (Chrono Boost)  
  48  4:55  Probe (Chrono Boost)  
  48  4:58  Probe (Chrono Boost)  
  50  5:02  Probe  
  50  5:06  Stalker x2  
  55  5:09  Probe  
  56  5:19  Probe  
  57  5:30  Stalker x3  
  57  5:34  Probe x2  
  63  5:55  Stalker x2  
  63  5:56  Stalker  
  59  6:05  Probe x2  
  59  6:12  Twilight Council  
  59  6:17  Probe x2  
  59  6:20  Stalker x3  
  63  6:28  Assimilator  
  63  6:29  Probe x2  
  63  6:41  Probe x2  
  63  6:43  Stalker x2  
  63  6:46  Blink (Chrono Boost)  
  56  6:55  Stalker  
  56  6:57  Probe  
  56  7:00  Probe  
  59  7:05  Oracle (Chrono Boost)  
  62  7:09  Nexus  
  62  7:10  Pylon  
  62  7:15  Gateway  
  62  7:18  Gateway  
  62  7:19  Pylon  
  62  7:25  Forge  
  62  7:29  Stalker  
  64  7:30  Shield Battery  
  64  7:31  Stalker  
  64  7:36  Probe (Chrono Boost)  
  64  7:37  Probe (Chrono Boost), Oracle (Chrono Boost)  
  69  7:49  Probe x2 (Chrono Boost)  
  71  7:55  Probe (Chrono Boost), Gateway  
  71  7:56  Gateway, Sentry  
  74  7:58  Shield Battery  
  74  8:05  Probe  
  72  8:07  Probe  
  72  8:10  Stalker  
  74  8:17  Protoss Ground Weapons Level 1 (Chrono Boost)  
  74  8:19  Probe (Chrono Boost)  
  76  8:20  Probe (Chrono Boost)  
  76  8:21  Probe (Chrono Boost)  
  77  8:27  Stalker  
  77  8:30  Charge (Chrono Boost), Probe (Chrono Boost)  
  77  8:31  Probe (Chrono Boost)  
  77  8:33  Probe (Chrono Boost)  
  82  8:35  Probe (Chrono Boost)  
  82  8:36  Probe (Chrono Boost)  
  85  8:41  Probe  
  85  8:43  Stalker x2  
  85  8:46  Probe  
  85  8:47  Probe  
  91  8:50  Gateway  
  91  8:51  Gateway  
  91  8:53  Probe  
  92  8:55  Assimilator  
  92  8:58  Assimilator  
  92  9:00  Templar Archives  
  92  9:03  Assimilator  
  92  9:04  Probe  
  93  9:19  Pylon  
  93  9:20  Pylon  
  93  9:21  Pylon  
  93  9:24  Pylon x2  
  93  9:25  Pylon  
  93  9:34  Gateway x2  
  93  9:37  Probe  
  94  9:38  High Templar x2  
  94  9:39  Zealot x4  
  94  9:44  Archon  
  94  9:45  Robotics Facility  
  106  9:47  Photon Cannon  
  106  9:52  Zealot  
  108  9:53  Zealot  
  110  10:07  Zealot x2, High Templar x2  
  110  10:12  Archon  
  118  10:17  Shield Battery  
  118  10:20  Stalker x3  
  118  10:21  Stalker  
  126  10:30  Zealot x3  
  130  10:36  Observer  
  130  10:41  High Templar x2  
  125  10:44  Zealot x4  
  125  10:46  Archon  
  127  10:52  Robotics Bay  
  127  10:55  Robotics Facility  
  127  11:01  Warp Prism (Chrono Boost)  
  127  11:02  Zealot x4, Protoss Ground Weapons Level 2 (Chrono Boost)  
  135  11:09  Photon Cannon  
  137  11:13  Shield Battery  
  136  11:36  Nexus  
  136  11:37  Disruptor (Chrono Boost)  
  136  11:38  Pylon  
  139  11:47  Pylon  
  139  11:48  Pylon  
  139  11:52  Disruptor (Chrono Boost)  
  140  11:56  Shield Battery  
  140  11:58  Photon Cannon  
  140  11:59  Zealot x4  
  148  12:05  Disruptor (Chrono Boost)  
  148  12:07  Zealot x5  
  148  12:08  Zealot  
  162  12:15  Pylon  
  162  12:17  Pylon  
  162  12:26  Observer  
  162  12:27  Nexus  
  162  12:29  Pylon  
  162  12:32  Disruptor (Chrono Boost)  
  165  12:47  Pylon  
  165  12:49  Pylon  
  165  12:55  Zealot x8  
  181  13:05  Disruptor  
  184  13:08  Disruptor (Chrono Boost)  
  187  13:14  Fleet Beacon  
  187  13:20  Stargate  
  187  13:24  Shield Battery  
  179  13:38  Probe x2  
  179  13:39  Probe x2  
  179  13:40  Assimilator  
  174  13:41  Disruptor (Chrono Boost)  
  174  13:42  Disruptor (Chrono Boost)  
  174  13:45  Assimilator  
  159  13:50  Probe x2  
  159  13:51  Probe  
  159  13:53  Photon Cannon  
  159  13:54  Photon Cannon  
  162  13:56  Stargate  
  162  14:10  Observer, Zealot x8  
  162  14:11  Observer  
  171  14:26  Nexus  
  171  14:29  Zealot x2  
  169  14:48  Zealot x4  
  169  14:52  Carrier x2 (Chrono Boost)  
  187  15:02  Carrier (Chrono Boost)  
  178  15:19  Zealot x3  
  154  16:07  Carrier x2 (Chrono Boost)  
  160  16:16  Stalker x3  
  166  16:20  Stalker x3  
  169  16:26  Carrier (Chrono Boost)  
  175  16:46  Disruptor x2  
  176  16:51  Zealot  
  178  16:58  Stalker x8  
  193  17:05  Stalker  
  183  17:19  Carrier x2  
  184  17:36  Stalker x3  
  145  17:45  Stalker x2  
  139  17:53  Zealot x2  
  143  18:11  Nexus  
  143  18:15  High Templar  
  143  18:16  High Templar x3  
  151  18:20  Archon  
  151  18:21  Archon  
  151  18:25  High Templar x4  
  159  18:29  Archon  
  159  18:30  Archon  
  159  18:34  High Templar x2  
  159  18:39  Archon  
  162  18:50  Stalker x4  
  162  18:54  Nexus  
  170  19:02  Stalker x3  
  154  19:20  Stalker x4  
  132  19:34  Stalker x3  

Tags
 
Add a new tag
Caveats
  • Supply blocks, unpowered buildings, or Contaminate may cause inaccurate times.
  • Supply counts are checked every 10 seconds.